 Dungeon Crawl Stone Soup version 0.32-a0-86-g8db1b9f803 (webtiles) character file.

Game seed: 8705862076056835920

937 Ceno the Cudgeller (level 8, -10/84 HPs)
             Began as an Oni Warper on Feb 5, 2024.
             Was a Priest of Makhleb.
             Killed from afar by Ijyb (17 damage)
             ... with a bolt of acid
             ... on level 4 of the Dungeon.
             The game lasted 00:18:49 (6188 turns).

Ceno the Cudgeller (Oni Warper)                     Turns: 6188, Time: 00:18:50

Health: -10/84     AC:  2    Str: 18    XL:     8   Next: 12%
Magic:  4/11       EV: 10    Int: 14    God:    Makhleb [***...]
Gold:   147        SH:  0    Dex: 14    Spells: 5/11 levels left

rFire   . . .        a - +2 flail (protect)
rCold   . . .        (no shield)
rNeg    . . .        b - +0 robe
rPois   .            (helmet restricted)
rElec   .            (no cloak)
rCorr   .            (gloves unavailable)
SInv    .            (boots unavailable)
Will    .....        (no amulet)
Stlth   +            t - +6 ring of dexterity
HPRegen 0.34/turn    (no ring)
MPRegen 0.12/turn

%: no passive effects
@: corroded, under a protective aura
A: large, unfitting armour, horns 1, tough skin 1, double potion healing,
drunken brawling
a: Renounce Religion, Minor Destruction, Lesser Servant of Makhleb


You were on level 4 of the Dungeon.
You worshipped Makhleb.
Makhleb was most pleased with you.
You visited 1 branch of the dungeon, and saw 5 of its levels.

You collected 147 gold pieces.

Inventory:

Hand Weapons
 a - a +2 flail of protection (weapon)
 u - a +0 morningstar
Missiles
 d - 7 darts of dispersal
 f - 3 boomerangs
 g - 3 javelins
 h - 7 stones (quivered)
 m - a throwing net
 n - 13 poisoned darts
Armour
 b - a +0 robe (worn)
Jewellery
 t - a +6 ring of dexterity (left hand)
Wands
 y - a wand of roots (13)
Scrolls
 c - 2 scrolls of blinking
 e - 2 scrolls of identify {unknown}
 k - 2 scrolls of noise {unknown}
 l - a scroll of enchant weapon {unknown}
 q - 2 scrolls of poison {unknown}
 s - a scroll of summoning {unknown}
 w - a scroll of revelation {unknown}
Potions
 i - a potion of invisibility {unknown}
 j - a potion of heal wounds {unknown}
 o - a potion of mutation {unknown}
 p - a potion of lignification {unknown}
 r - a potion of degeneration {unknown}
 v - a potion of curing {unknown}
 x - a potion of cancellation {unknown}


   Skills:
 + Level 6.4 Fighting
 * Level 6.7 Maces & Flails
 - Level 1.0 Throwing
 - Level 2.1 Dodging
 - Level 2.4 Spellcasting
 + Level 4.9 Translocations


You had 5 spell levels left.
You knew the following spells:

 Your Spells              Type           Power      Damage    Failure   Level
a - Blink                 Tloc           30%        N/A       4%          2
b - Manifold Assault      Tloc           15%        N/A       30%         4

Your spell library contained the following spells:

 Spells                   Type           Power      Damage    Failure   Level
 Lesser Beckoning         Tloc           30%        N/A       4%          2
 Teleport Other           Tloc           15%        N/A       9%          3
 Magic Dart               Conj           4%         1d3       22%         1
 Summon Small Mammal      Summ           4%         N/A       22%         1
 Searing Ray              Conj           2%         2d4       34%         2
 Call Canine Familiar     Summ           1%         N/A       56%         3
 Vhi's Electric Charge    Tloc/Air       16%        N/A       63%         4
 Animate Dead             Necr           1%         N/A       92%         4
 Fulminant Prism          Conj/Alch      0%         3d5       92%         4
 Summon Blazeheart Golem  Fire/Summ      1%         N/A       92%         4
 Haunt                    Necr/Summ      0%         N/A       100%        7
 Infestation              Necr           0%         N/A       100%        8


Dungeon Overview and Level Annotations

Branches:
Dungeon (5/15)
 Temple: D:4-7

Altars:
Elyvilon
Makhleb
Nemelex Xobeh
The Shining One

Annotations:
D:2 Terence
D:4 Ijyb
D:5 1 runed translucent door, Crazy Yiuf


Innate Abilities, Weirdness & Mutations

You are too large for most types of armour.
You have a pair of small horns on your head.
You have tough skin. (AC +1)
You gain doubled healing and magic from potions.
Whenever you drink a healing potion, you attack all around you.


Message History

You hit Ijyb.
Your weapon exudes an aura of protection.
You hit Ijyb but do no damage. Your headbutt misses Ijyb.
Ijyb is lightly wounded.
Ijyb closely misses you.
You closely miss Ijyb. You headbutt Ijyb, but do no damage.
You punch Ijyb, but do no damage.
Ijyb is lightly wounded.
Ijyb hits you with a +0 dagger.
You closely miss Ijyb. You headbutt Ijyb, but do no damage.
Ijyb is lightly wounded.
Ijyb zaps a wand.
The bolt of acid hits you!! The acid corrodes you!
You hit Ijyb. You headbutt Ijyb, but do no damage.
Ijyb is lightly wounded.
Ijyb zaps a wand.
The bolt of acid hits you!
You hit Ijyb but do no damage. You headbutt Ijyb, but do no damage.
Ijyb is lightly wounded.
Ijyb zaps a wand.
The bolt of acid hits you!
You are too injured to fight recklessly!
You are too injured to fight recklessly!
You hit Ijyb but do no damage. You headbutt Ijyb.
Ijyb is moderately wounded.
Ijyb hits you with a +0 dagger.
You barely miss Ijyb.
Ijyb is moderately wounded.
Ijyb hits you but does no damage.
You hit Ijyb but do no damage. You headbutt Ijyb, but do no damage.
You punch Ijyb, but do no damage.
Ijyb is moderately wounded.
Ijyb hits you with a +0 dagger.
* * * LOW HITPOINT WARNING * * *
You closely miss Ijyb. You headbutt Ijyb, but do no damage.
Ijyb is moderately wounded.
Ijyb zaps a wand.
The bolt of acid hits you!!
* * * LOW HITPOINT WARNING * * *
The acid corrodes you!
You barely miss Ijyb. You headbutt Ijyb, but do no damage.
Ijyb is moderately wounded.
Ijyb zaps a wand.
The bolt of acid hits you!
You die...

#.# #.#####
##########.# #.....#
........##.# ######.#
#####...##.###....#รท#
....'...'.........>g#
#####...##.###.#[#..#
#...##.# #.#[#..#
#.####.# #.#g#..#
###.# #.# #.#@...#
#...# #.# #.###..#
#####.## #.# #......#
..##...# #.# #####..#
#.##.P.# #.# #####..#
#.##...# #.# #......#
#.###.## #.# #.#....#
#.# #.# #.# #...##.#
#####.## #####..#####


You could see Ijyb.

Vanquished Creatures
  Eustachio (D:5)
  An ogre (D:5)
  A centaur (D:5)
  A scorpion (D:4)
  2 howler monkeys (D:4)
  A bombardier beetle (D:5)
  A jelly (D:4)
  An orc priest (D:3)
  A hound (D:4)
  Natasha (thrice) (D:1)
  3 iguanas (D:4)
  2 orc wizards (D:3)
  5 adders
  3 ribbon worms
  3 dart slugs
  9 orcs
  5 ball pythons
  11 endoplasms
  3 giant cockroaches
  7 goblins
  7 hobgoblins
  14 jackals
  7 quokkas
  5 bats
  5 frilled lizards
  9 kobolds
  5 rats
116 creatures vanquished.

Vanquished Creatures (others)
  2 orcs (D:4)
2 creatures vanquished.

Grand Total: 118 creatures vanquished

Notes
Turn   | Place    | Note
-------+----------+-------------------------------------------
     0 | D:1      | Ceno the Oni Warper began the quest for the Orb.
     0 | D:1      | Reached XP level 1. HP: 22/22 MP: 3/3
    56 | D:1      | Reached XP level 2. HP: 13/29 MP: 5/5
   125 | D:1      | Learned a level 2 spell: Blink
   712 | D:1      | Reached XP level 3. HP: 37/37 MP: 6/6
   926 | D:1      | Found a faded altar of an unknown god.
   934 | D:1      | Prayed at the altar of an unknown god.
   934 | D:1      | Became a worshipper of Makhleb the Destroyer
   934 | D:1      | Reached * piety under Makhleb
  1513 | D:2      | Noticed Terence
  1603 | D:2      | Reached XP level 4. HP: 42/45 MP: 7/7
  1609 | D:2      | Learned a level 4 spell: Manifold Assault
  1781 | D:2      | Reached ** piety under Makhleb
  2035 | D:2      | Noticed Natasha
  2058 | D:1      | Killed Natasha
  2215 | D:1      | Found a burning altar of Makhleb.
  2778 | D:1      | Noticed Natasha
  2801 | D:1      | Killed Natasha
  2802 | D:1      | Reached XP level 5. HP: 30/54 MP: 8/8
  3211 | D:1      | Noticed Natasha
  3225 | D:1      | Killed Natasha
  4045 | D:3      | Reached XP level 6. HP: 59/63 MP: 9/9
  4397 | D:4      | Found a sparkling altar of Nemelex Xobeh.
  4416 | D:4      | Reached skill level 5 in Maces & Flails
  4435 | D:4      | Reached skill level 5 in Fighting
  4641 | D:4      | Found a glowing golden altar of the Shining One.
  4856 | D:4      | Found a burning altar of Makhleb.
  4932 | D:4      | Found a white marble altar of Elyvilon.
  5280 | D:5      | Entered Level 5 of the Dungeon
  5282 | D:5      | Noticed Ijyb
  5297 | D:4      | Reached XP level 7. HP: 57/72 MP: 10/10
  5348 | D:4      | Reached *** piety under Makhleb
  5682 | D:5      | Found a runed translucent door.
  5683 | D:5      | Noticed Crazy Yiuf
  5741 | D:5      | Noticed Eustachio
  5780 | D:5      | Killed Eustachio
  5796 | D:5      | Reached XP level 8. HP: 49/83 MP: 3/11
  6188 | D:4      | Killed from afar by Ijyb

Illustrated notes

Levels and vault maps discovered:
D:1:      nicolae_arrival_washed_ashore, layout_loops_corners,
          basic_ecumenical_altar, minmay_domino_2
D:2:      layout_loops_cross, uniq_natasha, uniq_jessica, uniq_terence
D:3:      layout_basic
D:4:      layout_basic, mainiacjoe_overflow_paths, nicolae_tso_carved_into_rock,
          mainiacjoe_overflow_six_doors_small, elyvilon_altar_1,
          serial_bayou_crossing
D:5:      layout_rooms, temple_doors_e, goddamned_bats, uniq_crazy_yiuf_cottage,
          uniq_ijyb, uniq_eustachio

Skill      XL: |  1  2  3  4  5  6  7 |
---------------+----------------------+-----
Fighting       | 3 4 5 6 |  6.4
Translocations | 3 4 |  4.9
Maces & Flails | 3 4 5 6 |  6.7
Throwing       | |  1.0
Dodging        | |  2.1
Spellcasting   | |  2.4

Action                     |  1- 3 |  4- 6 |  7- 9 || total
---------------------------+-------+-------+-------++-------
  Melee: Mace              |   117 |    80 |       ||   197
         Headbutt          |    13 |    25 |    25 ||    63
         Punch             |     3 |    11 |     5 ||    19
         Flail             |       |    99 |    79 ||   178
  Throw: Stone             |     2 |     7 |       ||     9
         Boomerang         |       |    10 |       ||    10
   Cast: Blink             |     1 |     1 |     2 ||     4
         Manifold Assault  |       |       |     4 ||     4
   Stab: Sleeping          |       |     1 |       ||     1
 Armour: Robe              |    93 |   121 |    83 ||   297
  Dodge: Dodged            |    58 |    66 |    39 ||   163

Table legend: (Time is in decaauts)
 A = Elapsed time spent in this place.
 B = Non-inter-level travel time spent in this place.
 C = Inter-level travel time spent in this place.
 D = Time resting spent in this place.
 E = Time spent auto-exploring this place.
 F = Levels seen in this place.
 G = Mean time per level.
                   A        B        C        D        E       F      G
               +--------+--------+--------+--------+--------+-----+--------+
         Total |   6278 |   5952 |    326 |    905 |   3353 |   5 | 1255.6 |
       Dungeon |   6278 |   5952 |    326 |    905 |   3353 |   5 | 1255.6 |
               +--------+--------+--------+--------+--------+-----+--------+

Top non-repeatable levels by time:
     D:1: 2674 daAuts
     D:4: 1475 daAuts
     D:3: 1079 daAuts
     D:2: 731 daAuts
     D:5: 317 daAuts
